PAAA
SALT LAKE CITY BUZZ @ PHOENIX HOTSPUR RESERVES
08/30/2029
 
TOP OF THE 1ST
Salt Lake City Buzz batting - Pitching for Phoenix Hotspur Reserves : LHP Mike Harris
Pitching: LHP Mike Harris
Batting: RHB Alejandro Herrera 0-0: Called Strike
0-1: Ball
1-1: Swinging Strike
1-2: Ground out 5-3 (Groundball, 56S)
Batting: RHB Jung-hwan Kwon 0-0: Ball
1-0: Ground out 6-3 (Groundball, 6)
Batting: SHB Félix Medina 0-0: Ball
1-0: Called Strike
1-1: Ball
2-1: SINGLE (Flyball, 7LM)
Batting: RHB Vicente Cruz 0-0: Ball
1-0: Ball
2-0: Called Strike
2-1: SINGLE (Groundball, 34S) (infield hit)
Félix Medina to second
Batting: LHB Roberto Soto 0-0: Ball
1-0: Ball
2-0: SINGLE (Flyball, 78S)
Félix Medina to third
Vicente Cruz to second
Runner from 3rd tries for Home, SAFE, throw made home
Batting: LHB Tim Waters 0-0: Ball
1-0: Foul Ball, location: 2F
1-1: Foul Ball, location: 2F
1-2: Ground out 6-3 (Groundball, 6D)
Top of the 1st over - 1 run, 3 hits, 0 errors, 2 left on base; Salt Lake City 1 - Phoenix 0
BOTTOM OF THE 1ST
Phoenix Hotspur Reserves batting - Pitching for Salt Lake City Buzz : RHP Gary Kellenberger
Pitching: RHP Gary Kellenberger
Batting: SHB Roberto López 0-0: Ball
1-0: Ball
2-0: Foul Ball, location: 2F
2-1: Foul Ball, location: 2F
2-2: Foul Ball, location: 2F
2-2: Ball
3-2: Foul Ball, location: 2F
3-2: Base on Balls
Batting: RHB Rubén Andrada 0-0: Foul Ball, location: 2F
0-1: Ball
1-1: Called Strike
1-2: Foul Ball, location: 2F
1-2: Foul Ball, location: 2F
1-2: Strikes out swinging
Batting: RHB Julián De Paz 0-0: Swinging Strike
0-1: Reached on error, E5 (Groundball, 56S)
Roberto López to second
Batting: RHB Júlio Mateo 0-0: Swinging Strike
0-1: Foul Ball, location: 2F
Balk!
Roberto López to third
Julián De Paz to second
0-2: Ball
1-2: Fly out, F9 (Line Drive, 9)
Runner from 3rd tags up, SCORES, no throw
Batting: RHB Jesús Mejía 0-0: Called Strike
0-1: Ball
1-1: Ball
2-1: Ball
3-1: Ground out 6-3 (Groundball, 6S)
Bottom of the 1st over - 1 run, 0 hits, 1 error, 1 left on base; Salt Lake City 1 - Phoenix 1
TOP OF THE 2ND
Salt Lake City Buzz batting - Pitching for Phoenix Hotspur Reserves : LHP Mike Harris
Batting: LHB Qi-zhen Loong 0-0: Foul Ball, location: 2F
0-1: Ball
1-1: Hit by Pitch
Batting: RHB Quigley Gibson 0-0: Called Strike
0-1: Fly out, F8 (Flyball, 8LM)
Batting: LHB Mike Gillespie 0-0: Ball
1-0: Ball
2-0: Ball
3-0: Called Strike
3-1: Fly out, F7 (Flyball, 78M)
Batting: RHB Alejandro Herrera 0-0: Ball
1-0: Called Strike
1-1: Ball
2-1: Foul Ball, location: 2F
2-2: Ball
3-2: Foul Ball, location: 2F
3-2: Foul Ball, location: 2F
3-2: Foul Ball, location: 2F
3-2: Reached via error on a dropped throw, E1
Qi-zhen Loong to second
Batting: RHB Jung-hwan Kwon 0-0: Foul Ball, location: 2F
0-1: Ball
1-1: Ball
2-1: DOUBLE (Line Drive, 7LD)
Qi-zhen Loong scores
Alejandro Herrera to third
Runner from 3rd tries for Home, SAFE, no throw
Batting: SHB Félix Medina 0-0: Called Strike
0-1: Ball
1-1: Foul Ball, location: 2F
1-2: Ground out 5-3 (Groundball, 5)
Top of the 2nd over - 2 runs, 1 hit, 1 error, 1 left on base; Salt Lake City 3 - Phoenix 1
BOTTOM OF THE 2ND
Phoenix Hotspur Reserves batting - Pitching for Salt Lake City Buzz : RHP Gary Kellenberger
Batting: RHB Bob Curry 0-0: Called Strike
0-1: Ball
1-1: SINGLE (Groundball, 56D)
Batting: LHB Richard Alpert 0-0: Foul Ball, location: 2F
0-1: Foul Ball, location: 2F
0-2: Fly out, F6 (Popup, 6D)
Batting: RHB Satoshi Terada 0-0: Ball
1-0: Called Strike
1-1: Fly out, F7 (Flyball, 7LD)
Batting: LHB Derek Blair 0-0: Called Strike
0-1: Ball
1-1: Ball
2-1: Fly out, F8 (Flyball, 78D)
Bottom of the 2nd over - 0 runs, 1 hit, 0 errors, 1 left on base; Salt Lake City 3 - Phoenix 1
TOP OF THE 3RD
Salt Lake City Buzz batting - Pitching for Phoenix Hotspur Reserves : LHP Mike Harris
Batting: RHB Vicente Cruz 0-0: Ball
1-0: Ground out 5-3 (Groundball, 56S)
Batting: LHB Roberto Soto 0-0: SINGLE (Line Drive, 89M)
Batting: LHB Tim Waters 0-0: Ball
1-0: SINGLE (Line Drive, 6MD)
Roberto Soto to second
Batting: LHB Qi-zhen Loong 0-0: Ball
1-0: Swinging Strike
1-1: Ball
2-1: Swinging Strike
2-2: Foul Ball, location: 2F
2-2: Foul Ball, location: 2F
2-2: Foul Ball, location: 2F
2-2: Fly out, F6 (Line Drive, 6)
Batting: RHB Quigley Gibson 0-0: Ball
1-0: Fly out, F7 (Line Drive, 7)
Top of the 3rd over - 0 runs, 2 hits, 0 errors, 2 left on base; Salt Lake City 3 - Phoenix 1
BOTTOM OF THE 3RD
Phoenix Hotspur Reserves batting - Pitching for Salt Lake City Buzz : RHP Gary Kellenberger
Batting: SHB Roberto López 0-0: Fly out, F8 (Flyball, 8RD)
Batting: RHB Rubén Andrada 0-0: Ball
1-0: SINGLE (Groundball, 34S) (infield hit)
Batting: RHB Julián De Paz 0-0: Ball
1-0: Called Strike
1-1: Fly out, F7 (Flyball, 7)
Batting: RHB Júlio Mateo 0-0: Ball
1-0: Fly out, F6 (Popup, 6M)
Bottom of the 3rd over - 0 runs, 1 hit, 0 errors, 1 left on base; Salt Lake City 3 - Phoenix 1
TOP OF THE 4TH
Salt Lake City Buzz batting - Pitching for Phoenix Hotspur Reserves : LHP Mike Harris
Batting: LHB Mike Gillespie 0-0: Foul Ball, location: 2F
0-1: Ball
1-1: Swinging Strike
1-2: Strikes out swinging
Batting: RHB Alejandro Herrera 0-0: Ball
1-0: Ball
2-0: Foul Ball, location: 2F
2-1: Foul Ball, location: 2F
2-2: Ball
3-2: Ground out 5-3 (Groundball, 56)
Batting: RHB Jung-hwan Kwon 0-0: Foul Ball, location: 2F
0-1: Fly out, F9 (Line Drive, 89D)
Top of the 4th over - 0 runs, 0 hits, 0 errors, 0 left on base; Salt Lake City 3 - Phoenix 1
BOTTOM OF THE 4TH
Phoenix Hotspur Reserves batting - Pitching for Salt Lake City Buzz : RHP Gary Kellenberger
Batting: RHB Jesús Mejía 0-0: Ball
1-0: Ground out 5-3 (Groundball, 56)
Batting: RHB Bob Curry 0-0: Ground out 3-1 (Groundball, 34S)
Batting: LHB Richard Alpert 0-0: Ball
1-0: Called Strike
1-1: Ground out 4-3 (Groundball, 4M)
Bottom of the 4th over - 0 runs, 0 hits, 0 errors, 0 left on base; Salt Lake City 3 - Phoenix 1
TOP OF THE 5TH
Salt Lake City Buzz batting - Pitching for Phoenix Hotspur Reserves : LHP Mike Harris
Batting: SHB Félix Medina 0-0: Ground out 4-3 (Groundball, 4)
Batting: RHB Vicente Cruz 0-0: Called Strike
0-1: Swinging Strike
0-2: Fly out, F7 (Flyball, 78D)
Batting: LHB Roberto Soto 0-0: Called Strike
0-1: Ground out 3-1 (Groundball, 34)
Top of the 5th over - 0 runs, 0 hits, 0 errors, 0 left on base; Salt Lake City 3 - Phoenix 1
BOTTOM OF THE 5TH
Phoenix Hotspur Reserves batting - Pitching for Salt Lake City Buzz : RHP Gary Kellenberger
Batting: RHB Satoshi Terada 0-0: Ball
1-0: Ball
2-0: Foul Ball, location: 2F
2-1: SINGLE (Groundball, 5D)
Batting: LHB Derek Blair 0-0: Ball
1-0: Called Strike
1-1: Foul Ball, location: 2F
1-2: Foul Ball, location: 2F
1-2: Ball
2-2: Foul Ball, location: 2F
2-2: Ball
3-2: SINGLE (Line Drive, 4M)
Satoshi Terada to second
Batting: SHB Roberto López 0-0: Bunt missed!
Balk!
Satoshi Terada to third
Derek Blair to second
0-1: Fly out, F7 (Flyball, 7D)
Runner from 3rd tags up, SCORES, throw made
Batting: RHB Rubén Andrada 0-0: Ball
1-0: Ball
2-0: Called Strike
2-1: Foul Ball, location: 2F
2-2: SINGLE (Groundball, 4MD)
Derek Blair to third
Runner from 3rd tries for Home, SAFE, throw made home
Batting: RHB Julián De Paz 0-0: Called Strike
0-1: Swinging Strike
0-2: Fly out, F9 (Flyball, 9LS)
Batting: RHB Júlio Mateo 0-0: Called Strike
0-1: Swinging Strike
0-2: Strikes out looking
Bottom of the 5th over - 2 runs, 3 hits, 0 errors, 1 left on base; Salt Lake City 3 - Phoenix 3
TOP OF THE 6TH
Salt Lake City Buzz batting - Pitching for Phoenix Hotspur Reserves : LHP Mike Harris
Batting: LHB Tim Waters 0-0: Ball
1-0: SINGLE (Groundball, 6MD)
Batting: LHB Qi-zhen Loong 0-0: Ball
1-0: Foul Ball, location: 2F
1-1: Ball
2-1: Ball
3-1: Foul Ball, location: 2F
3-2: Base on Balls
Tim Waters to second
Batting: RHB Quigley Gibson 0-0: Called Strike
0-1: Ground out 5-3 (Groundball, 5S)
Tim Waters to third
Qi-zhen Loong to second
Batting: LHB Mike Gillespie 0-0: Fly out, F8 (Flyball, 8RD)
Runner from 3rd tags up, SCORES, throw made
Batting: RHB Alejandro Herrera 0-0: Ball
1-0: Ball
2-0: Ball
3-0: Called Strike
3-1: Called Strike
3-2: SINGLE (Groundball, 6MD)
Qi-zhen Loong to third
Qi-zhen Loong scores
Batting: RHB Jung-hwan Kwon 0-0: Ball
1-0: Called Strike
1-1: Foul Ball, location: 2F
1-2: SINGLE (Flyball, 89S)
Alejandro Herrera to second
Runner from 2nd tries for 3rd, SAFE, no throw
Batting: SHB Félix Medina Pickoff Throw to First - Error! E1
Alejandro Herrera scores
Jung-hwan Kwon to second
Pitching: LHP Raúl Gonzáles 0-0: Called Strike
0-1: Ball
1-1: Ball
2-1: Called Strike
2-2: Ball
3-2: Foul Ball, location: 2F
3-2: Foul Ball, location: 2F
3-2: Foul Ball, location: 2F
3-2: Base on Balls
Batting: RHB Vicente Cruz 0-0: Foul Ball, location: 2F
0-1: Called Strike
0-2: Ball
1-2: Strikes out swinging
Top of the 6th over - 3 runs, 3 hits, 1 error, 2 left on base; Salt Lake City 6 - Phoenix 3
BOTTOM OF THE 6TH
Phoenix Hotspur Reserves batting - Pitching for Salt Lake City Buzz : RHP Gary Kellenberger
Batting: RHB Jesús Mejía 0-0: Foul Ball, location: 2F
0-1: Ground out 6-3 (Groundball, 56D)
Batting: RHB Bob Curry 0-0: Swinging Strike
0-1: Foul Ball, location: 2F
0-2: Fly out, F8 (Flyball, 8RD)
Batting: LHB Richard Alpert 0-0: Ball
1-0: Called Strike
1-1: Ground out U3 (Groundball, 34)
Bottom of the 6th over - 0 runs, 0 hits, 0 errors, 0 left on base; Salt Lake City 6 - Phoenix 3
TOP OF THE 7TH
Salt Lake City Buzz batting - Pitching for Phoenix Hotspur Reserves : LHP Raúl Gonzáles
Batting: LHB Roberto Soto 0-0: Foul Ball, location: 2F
0-1: Ground out 5-3 (Groundball, 56)
Batting: LHB Tim Waters 0-0: Called Strike
0-1: Ball
1-1: Ground out 6-3 (Groundball, 6)
Batting: LHB Qi-zhen Loong 0-0: SINGLE (Line Drive, 6M)
Batting: RHB Quigley Gibson 0-0: Fielders Choice at 2nd, 6-4 (Groundball, 6)
Top of the 7th over - 0 runs, 1 hit, 0 errors, 1 left on base; Salt Lake City 6 - Phoenix 3
BOTTOM OF THE 7TH
Phoenix Hotspur Reserves batting - Pitching for Salt Lake City Buzz : RHP Gary Kellenberger
Batting: RHB Satoshi Terada 0-0: Called Strike
0-1: Ball
1-1: Ball
2-1: Swinging Strike
2-2: Ball
3-2: Ground out 6-3 (Groundball, 6)
Batting: LHB Derek Blair 0-0: Swinging Strike
0-1: Ball
1-1: Foul Ball, location: 2F
1-2: Foul Ball, location: 2F
1-2: Foul Ball, location: 2F
1-2: Strikes out swinging
Batting: SHB Roberto López 0-0: Ball
1-0: Called Strike
1-1: Ball
2-1: Ball
3-1: Base on Balls
Pitching: RHP Barry Jones
Batting: RHB Rubén Andrada 0-0: Ball
1-0: Ball
Roberto López steals 2nd base
2-0: Ball
3-0: Called Strike
3-1: Base on Balls
Batting: RHB Julián De Paz 0-0: Ball
1-0: Ground out 4-3 (Groundball, 4)
Bottom of the 7th over - 0 runs, 0 hits, 0 errors, 2 left on base; Salt Lake City 6 - Phoenix 3
TOP OF THE 8TH
Salt Lake City Buzz batting - Pitching for Phoenix Hotspur Reserves : LHP Raúl Gonzáles
Batting: LHB Mike Gillespie 0-0: Ball
1-0: Called Strike
1-1: Foul Ball, location: 2F
1-2: TRIPLE (Flyball, 78XD)
Batting: RHB Alejandro Herrera 0-0: Ball
1-0: SINGLE (Groundball, 4MD)
Mike Gillespie scores
Batting: RHB Jung-hwan Kwon 0-0: Ball
1-0: Ball
2-0: Called Strike
2-1: Foul Ball, location: 2F
2-2: Foul Ball, location: 2F
2-2: Foul Ball, location: 2F
2-2: Strikes out swinging
Batting: SHB Félix Medina 0-0: Ball
1-0: Called Strike
1-1: Ball
2-1: Called Strike
2-2: Foul Ball, location: 2F
2-2: Strikes out swinging
Batting: RHB Vicente Cruz 0-0: Called Strike
0-1: Swinging Strike
0-2: Strikes out looking
Top of the 8th over - 1 run, 2 hits, 0 errors, 1 left on base; Salt Lake City 7 - Phoenix 3
BOTTOM OF THE 8TH
Phoenix Hotspur Reserves batting - Pitching for Salt Lake City Buzz : RHP Barry Jones
Batting: RHB Júlio Mateo 0-0: Ball
1-0: Called Strike
1-1: Called Strike
1-2: Strikes out swinging
Batting: RHB Jesús Mejía 0-0: Ball
1-0: Called Strike
1-1: Called Strike
1-2: Foul Ball, location: 2F
1-2: Ball
2-2: Foul Ball, location: 2F
2-2: Ground out 6-3 (Groundball, 6)
Batting: RHB Bob Curry 0-0: Ball
1-0: Fly out, F9 (Flyball, 9S)
Bottom of the 8th over - 0 runs, 0 hits, 0 errors, 0 left on base; Salt Lake City 7 - Phoenix 3
TOP OF THE 9TH
Salt Lake City Buzz batting - Pitching for Phoenix Hotspur Reserves : LHP Raúl Gonzáles
Batting: LHB Roberto Soto 0-0: Called Strike
0-1: Ball
1-1: Fly out, F9 (Flyball, 9LM)
Batting: LHB Tim Waters 0-0: Ball
1-0: Ball
2-0: Foul Ball, location: 2F
2-1: Ball
3-1: Base on Balls
Batting: LHB Qi-zhen Loong 0-0: Called Strike
0-1: Called Strike
0-2: Ball
1-2: Strikes out swinging
Batting: RHB Quigley Gibson 0-0: Called Strike
0-1: Ball
1-1: Ball
2-1: Called Strike
2-2: Ball
3-2: Base on Balls
Tim Waters to second
Batting: LHB Mike Gillespie 0-0: Ball
1-0: Ball
2-0: Ball
3-0: Called Strike
3-1: Called Strike
3-2: SINGLE (Groundball, 2L) (infield hit)
Tim Waters to third
Quigley Gibson to second
Pitching: RHP Bob Cook
Batting: RHB Alejandro Herrera 0-0: Ball
1-0: Called Strike
1-1: Called Strike
1-2: Ball
2-2: Ground out 4-3 (Groundball, 4)
Top of the 9th over - 0 runs, 1 hit, 0 errors, 3 left on base; Salt Lake City 7 - Phoenix 3
BOTTOM OF THE 9TH
Phoenix Hotspur Reserves batting - Pitching for Salt Lake City Buzz : RHP Barry Jones
Batting: LHB Richard Alpert 0-0: Called Strike
0-1: Ground out 4-3 (Groundball, 4)
Batting: RHB Satoshi Terada 0-0: SINGLE (Groundball, 4MD)
Batting: LHB Derek Blair 0-0: Foul Ball, location: 2F
0-1: Foul Ball, location: 2F
0-2: Ball
1-2: SINGLE (Line Drive, 9S)
Satoshi Terada to second
Batting: SHB Roberto López 0-0: Called Strike
0-1: Ball
1-1: Called Strike
1-2: Ball
2-2: Ball
3-2: Base on Balls
Satoshi Terada to third
Derek Blair to second
Batting: RHB Rubén Andrada 0-0: Foul Ball, location: 2F
0-1: Ball
1-1: Ball
2-1: Ball
3-1: Grounds into double play, 6-4-3 (Groundball, 6)
Bottom of the 9th over - 0 runs, 2 hits, 0 errors, 2 left on base; Salt Lake City 7 - Phoenix 3
Tuesday, December 19th, 2017 - OOTP Baseball 18.8 Build 76